 Dungeon Crawl Stone Soup version 0.26-b1-32-g5d43845318 (webtiles) character file.

Game seed: 11691722057379302568

28653 HoaS the Brawler (level 13, -3/116 HPs)
             Began as a Ghoul Gladiator on Jan 7, 2021.
             Was an Elder of Makhleb.
             Slain by an eight-headed hydra (5 damage)
             ... on level 3 of the Lair of Beasts.
             The game lasted 00:27:03 (12918 turns).

HoaS the Brawler (Ghoul Gladiator)                 Turns: 12918, Time: 00:27:03

Health: -3/116     AC: 14    Str: 26    XL:     13   Next: 40%
Magic:  12/12      EV: 17    Int:  3    God:    Makhleb [****..]
Gold:   2253       SH:  5    Dex: 13    Spells: 12/12 levels left

rFire    . . .     SeeInvis .     - Unarmed
rCold    + . .     Faith    .   (no shield)
rNeg     + + +     Spirit   .   t - +0 acid dragon scales
rPois    ∞         Reflect  +   b - +1 helmet
rElec    .         Harm     .   e - +2 cloak
rCorr    +         Rampage  .   (no gloves)
Will     .....                  (no boots)
Stlth    +.........             F - amulet of reflection
HPRegen  0.00/turn              E - +6 ring of strength
MPRegen  0.13/turn              (no ring)

@: studying 2 skills
A: claws 1, cold resistance 1, negative energy resistance 3, inhibited
regeneration, torment resistance, unbreathing
a: Renounce Religion, Minor Destruction, Lesser Servant of Makhleb, Major
Destruction


You were on level 3 of the Lair of Beasts.
You worshipped Makhleb.
Makhleb was greatly pleased with you.
You visited 3 branches of the dungeon, and saw 16 of its levels.
You also visited: Volcano.

You collected 2253 gold pieces.

Inventory:

Missiles
 c - 2 throwing nets (quivered)
 k - 43 poisoned darts
 x - 19 boomerangs
Armour
 b - a +1 helmet (worn)
 e - a +2 cloak (worn)
 t - +0 acid dragon scales (worn)
 y - a +0 plate armour
Jewellery
 E - a +6 ring of strength (left claw)
 F - an amulet of reflection (around neck)
Wands
 a - a wand of acid (22)
 l - a wand of iceblast (15)
 p - a wand of flame (10)
 B - a wand of paralysis (7)
 D - a wand of polymorph (11)
Scrolls
 g - 9 scrolls of remove curse
 i - 5 scrolls of teleportation
 j - 2 scrolls of enchant armour
 q - a scroll of fear
 u - 3 scrolls of fog
 A - a scroll of magic mapping {unknown}
Potions
 d - 4 potions of might
 h - 2 potions of ambrosia
 m - 4 potions of haste
 n - a potion of cancellation
 o - 2 potions of resistance
 r - 2 potions of invisibility
 v - 6 potions of curing
 w - 2 potions of attraction
 z - a potion of flight
Books
 f - a manual of Unarmed Combat
 s - a manual of Dodging


   Skills:
 + Level 11.0 Fighting
 - Level 1.7 Throwing
 + Level 9.2 Armour
 + Level 10.1 Dodging
 + Level 15.7 Unarmed Combat


You had 12 spell levels left.
You didn't know any spells.
Your spell library contained the following spells:

 Spells                   Type           Power        Failure   Level
 Corona                   Hex            0%           58%         1
 Magic Dart               Conj           0%           58%         1
 Sandblast                Erth           0%           58%         1
 Blink                    Tloc           N/A          73%         2
 Call Imp                 Summ           0%           73%         2
 Ensorcelled Hibernation  Hex/Ice        0%           73%         2
 Passwall                 Tmut/Erth      0%           73%         2
 Poisonous Vapours        Pois/Air       0%           73%         2
 Slow                     Hex            0%           73%         2
 Confusing Touch          Hex            0%           91%         3
 Conjure Flame            Conj/Fire      0%           91%         3
 Dazzling Flash           Conj/Hex       0%           91%         3
 Inner Flame              Hex/Fire       0%           91%         3
 Mephitic Cloud           Conj/Pois/Air  0%           91%         3
 Portal Projectile        Hex/Tloc       0%           91%         3
 Stone Arrow              Conj/Erth      0%           91%         3
 Tukima's Dance           Hex            0%           91%         3
 Cause Fear               Hex            0%           100%        4
 Leda's Liquefaction      Hex/Erth       0%           100%        4
 Petrify                  Tmut/Erth      0%           100%        4
 Lee's Rapid Deconstruct  Erth           0%           100%        5
 Freezing Cloud           Conj/Ice/Air   0%           100%        6


Dungeon Overview and Level Annotations

Branches:
Dungeon (11/15)            Temple (1/1) D:5            Lair (4/6) D:11
 Shoals (0/4) Lair:2        Snake (0/4) Lair:2          Orc (0/2) D:9
Volcano (visited)

Altars:
Ashenzari
Cheibriados
Dithmenos
Elyvilon
Fedhas
Gozag
Hepliaklqana
Kikubaaqudgha
Makhleb
Nemelex Xobeh
Okawaru
Qazlal
Ru
Sif Muna
Trog
Uskayaw
Vehumet
Wu Jian
Xom
Yredelemnul
Zin
The Shining One
Beogh
Lugonu

Shops:
D:7 (*}

Annotations:
Lair:1 2 transporters, trm's ghost, novice DsCj
Lair:4 Sonja


Innate Abilities, Weirdness & Mutations

You thrive by killing the living.
You are immune to poison.
You have sharp fingernails.
Your flesh is cold resistant. (rC+)
You are immune to negative energy. (rN+++)
You do not regenerate when monsters are visible.
You are immune to unholy pain and torment.
You can survive without breathing.


Message History

The blink frog blinks!
You barely miss the eight-headed hydra.
The eight-headed hydra is severely wounded.
The eight-headed hydra bites you but does no damage. x2
The eight-headed hydra bites you.
* * * LOW HITPOINT WARNING * * *
The eight-headed hydra bites you but does no damage.
The eight-headed hydra barely misses you.
The eight-headed hydra bites you.
* * * LOW HITPOINT WARNING * * *
The eight-headed hydra bites you!
* * * LOW HITPOINT WARNING * * *
The eight-headed hydra bites you!
* * * LOW HITPOINT WARNING * * *
You claw the eight-headed hydra! x2
The eight-headed hydra is almost dead.
The blink frog blinks!
The eight-headed hydra bites you.
* * * LOW HITPOINT WARNING * * *
The eight-headed hydra bites you.
You die...

##..#..###..# #..#####
#..#### ##.## #.P.##.
#.P# #...... #..####
#P.#.#P #.....#####.###
### ##.......######
###.#####F......####(P
#..§D@................
####
####.F###.###..<#.#..#.##
P#.######.÷...#####
#.....######
........÷>÷.......#
##..###
.......#.#.##.#..## ##.#
..#.....######....# ##.#
# ...###.## ##.###.P#
#..# #
...##..####......## ##.##
# ...P#....##..######
#..# #


You could see an eight-headed hydra and 2 blink frogs.

Vanquished Creatures
  Gastronok (D:8)
  Harold (D:10)
  2 hydras
  Erica (D:8)
  2 two-headed ogres
  Nergalle (D:10)
  4 skeletal warriors
  The ghost of Gauvater the Quickloader, a novice KoHu of Trog (D:8)
  An ugly thing (D:11)
  An oklob plant (D:8)
  A manticore (Lair:2)
  Joseph (D:10)
  15 cane toads
  2 black mambas (Lair:2)
  Maggie (D:11)
  10 komodo dragons
  2 rime drakes
  A troll (D:8)
  A wind drake (Lair:2)
  4 blink frogs (Lair:3)
  A wyvern (D:8)
  16 yaks
  The ghost of Anon1729 the Ruffian, an amateur NaTm (D:3)
  Menkaure (D:5)
  4 nagas (Lair:2)
  7 water moccasins
  5 orc warriors
  A sky beast (D:6)
  2 black bears
  3 ice beasts
  3 phantoms
  4 ogres
  4 wolves (Lair:3)
  2 centaurs
  2 big kobolds
  12 bullfrogs
  2 scorpions (D:7)
  A water moccasin skeleton (D:5)
  4 wights (D:7)
  4 howler monkeys
  A crimson imp (D:10)
  A centaur zombie (D:10)
  5 orc priests
  5 hounds
  4 orc wizards
  4 centaur skeletons
  3 jellies
  7 bullfrog skeletons
  4 iguanas
  6 worker ants
  A statue (D:6)
  A hound zombie (D:5)
  15 adders
  2 gnolls (D:9)
  A howler monkey skeleton (D:11)
  A shadow imp (D:10)
  3 white imps
  2 oozes
  3 adder skeletons (D:5)
  4 worms
  2 dart slugs
  3 leopard geckos
  42 orcs
  2 ball pythons (D:2)
  7 giant cockroaches
  7 hobgoblins
  5 jackals
  18 kobolds
  3 quokkas
  8 bats
  4 frilled lizards
  8 goblins
  A leopard gecko zombie (D:8)
  9 rats
324 creatures vanquished.

Vanquished Creatures (others)
  A fungus (Lair:2)
  32 plants
33 creatures vanquished.

Grand Total: 357 creatures vanquished

Notes
Turn   | Place    | Note
-------+----------+-------------------------------------------
     0 | D:1      | HoaS the Ghoul Gladiator began the quest for the Orb.
     0 | D:1      | Reached XP level 1. HP: 17/17 MP: 0/0
   147 | D:1      | Reached XP level 2. HP: 14/24 MP: 1/1
   321 | D:1      | Reached skill level 4 in Unarmed Combat
   819 | D:2      | Reached XP level 3. HP: 23/29 MP: 2/2
   895 | D:2      | Reached skill level 5 in Unarmed Combat
   896 | D:2      | Found a bloodstained altar of Trog.
  1002 | D:2      | Reached XP level 4. HP: 36/36 MP: 3/3
  1561 | D:3      | Reached skill level 6 in Unarmed Combat
  1584 | D:3      | Found a runed translucent door.
  1585 | D:3      | Noticed Anon1729's ghost (amateur NaTm)
  1765 | D:3      | Reached XP level 5. HP: 40/41 MP: 4/4
  1859 | D:3      | Found a shadowy altar of Dithmenos.
  1859 | D:3      | Found a glowing golden altar of the Shining One.
  2381 | D:4      | You fall into a shaft and drop 1 floor!
  2381 | D:5      | Entered Level 5 of the Dungeon
  2381 | D:5      | Found a sacrificial altar of Ru.
  2414 | D:5      | Reached skill level 7 in Unarmed Combat
  2483 | D:4      | Reached XP level 6. HP: 48/48 MP: 5/5
  2858 | D:4      | Reached skill level 8 in Unarmed Combat
  3042 | D:4      | Found a sparkling altar of Nemelex Xobeh.
  3084 | D:4      | Found an opulent altar of Gozag.
  3282 | D:3      | Reached XP level 7. HP: 51/55 MP: 6/6
  3292 | D:3      | Killed Anon1729's ghost
  3293 | D:3      | Reached skill level 9 in Unarmed Combat
  3446 | D:5      | Noticed Menkaure
  3453 | D:5      | Killed Menkaure
  3494 | D:5      | Reached skill level 10 in Unarmed Combat
  3591 | D:5      | Reached XP level 8. HP: 61/61 MP: 7/7
  3625 | D:5      | Found a staircase to the Ecumenical Temple.
  3912 | Temple   | Entered the Ecumenical Temple
  4180 | D:6      | Reached skill level 11 in Unarmed Combat
  4431 | D:6      | Identified a scroll of acquirement
  4431 | D:6      | Acquired 620 gold pieces
  4468 | D:6      | Reached skill level 12 in Unarmed Combat
  4574 | D:6      | Found a radiant altar of Vehumet.
  4611 | D:6      | Reached XP level 9. HP: 50/68 MP: 8/8
  4634 | D:6      | Reached skill level 1 in Armour
  4742 | D:6      | Found a hazy altar of Hepliaklqana.
  4964 | D:7      | Found Fess's Gadget Shop.
  5033 | D:7      | Found Zesyfan's Assorted Antiques.
  5164 | D:7      | Found Effuxt's Antique Weapon Shop.
  5229 | D:7      | Found a blossoming altar of Fedhas.
  5873 | D:8      | Noticed Gastronok
  5940 | D:8      | Killed Gastronok
  5941 | D:8      | Reached skill level 5 in Fighting
  5941 | D:8      | Reached skill level 5 in Dodging
  5941 | D:8      | Reached XP level 10. HP: 82/82 MP: 9/9
  5967 | D:8      | Noticed Erica
  5977 | D:8      | Killed Erica
  5978 | D:8      | Reached skill level 13 in Unarmed Combat
  6097 | D:8      | Found a glowing golden altar of the Shining One.
  6139 | D:8      | Noticed an oklob plant
  6143 | D:8      | Found a transporter.
  6183 | D:8      | Found a transporter.
  6185 | D:8      | Noticed Gauvater's ghost (novice KoHu)
  6396 | D:8      | Found a shimmering altar of Xom.
  6614 | D:9      | Found a snail-covered altar of Cheibriados.
  6686 | D:9      | Found a burning altar of Makhleb.
  6695 | D:9      | Became a worshipper of Makhleb the Destroyer
  6761 | D:9      | Found a roughly hewn altar of Beogh.
  6796 | D:9      | Reached * piety under Makhleb
  6911 | D:9      | Found a staircase to the Orcish Mines.
  6930 | D:9      | Noticed a two-headed ogre
  6939 | D:9      | Killed a two-headed ogre
  6940 | D:9      | Reached skill level 5 in Armour
  6992 | D:9      | Found a shimmering blue altar of Sif Muna.
  7048 | D:9      | Found an iron altar of Okawaru.
  7114 | D:9      | Found a white marble altar of Elyvilon.
  7298 | D:10     | Entered Level 10 of the Dungeon
  7310 | D:10     | Reached XP level 11. HP: 92/92 MP: 10/10
  7519 | D:10     | Noticed Harold
  7531 | D:10     | Killed Harold
  7575 | D:10     | Reached ** piety under Makhleb
  7806 | D:10     | Noticed Joseph
  7825 | D:10     | Killed Joseph
  7963 | D:10     | Noticed Nergalle
  7974 | D:10     | Killed Nergalle
  8361 | D:10     | Noticed a two-headed ogre
  8366 | D:10     | Killed a two-headed ogre
  8587 | D:11     | Noticed a skeletal warrior
  8616 | D:11     | Killed a skeletal warrior
  8626 | D:11     | Noticed a skeletal warrior
  8651 | D:11     | Killed a skeletal warrior
  8652 | D:11     | Reached skill level 14 in Unarmed Combat
  8670 | D:11     | Noticed a skeletal warrior
  8672 | D:11     | Noticed a skeletal warrior
  8824 | D:10     | Killed a skeletal warrior
  8857 | D:11     | Killed a skeletal warrior
  9147 | D:11     | Noticed a red ugly thing
  9152 | D:11     | Killed a red ugly thing
  9275 | D:11     | Found a staircase to the Lair.
  9419 | Lair:1   | Entered Level 1 of the Lair of Beasts
  9420 | Lair:1   | Noticed Maggie
  9435 | D:11     | Reached XP level 12. HP: 76/103 MP: 11/11
  9440 | D:11     | Killed Maggie
  9832 | Lair:1   | Noticed a five-headed hydra
  9849 | Lair:1   | Killed a five-headed hydra
 10312 | Lair:1   | Noticed trm's ghost (novice DsCj)
 10327 | Lair:1   | Found a transporter.
 10335 | Lair:1   | Found a transporter.
 10782 | D:8      | Killed Gauvater's ghost
 11051 | Lair:2   | Reached *** piety under Makhleb
 11090 | Lair:2   | Reached skill level 10 in Fighting
 11146 | Lair:2   | Found a staircase to the Shoals.
 11287 | Lair:2   | Reached skill level 15 in Unarmed Combat
 11302 | Lair:2   | Reached XP level 13. HP: 114/114 MP: 12/12
 11365 | Lair:2   | Found a staircase to the Snake Pit.
 11716 | Lair:3   | Found a dark tunnel.
 11723 | Lair:3   | Acquired a manual of Dodging
 11725 | Lair:3   | Acquired 605 gold pieces
 11727 | Lair:3   | Acquired a manual of Unarmed Combat
 11736 | Volcano  | Entered a volcano
 12167 | Lair:3   | Reached **** piety under Makhleb
 12418 | Lair:4   | Noticed Sonja
 12586 | Lair:3   | Reached skill level 10 in Dodging
 12918 | Lair:3   | HP: 2/116 [eight-headed hydra (4)]
 12918 | Lair:3   | Slain by an eight-headed hydra

Illustrated notes

Levels and vault maps discovered:
D:1:      matt_arrival_refuge, layout_basic
D:2:      layout_basic, bloody_trog, minmay_rat_gold_closets
D:3:      layout_loops_cross, gammafunk_temple_overflow_wave,
          ebering_ghost_sewer_d
D:4:      layout_basic, kennysheep_mini, kennysheep_mini_moat
D:5:      layout_basic, lemuel_crystal_altar, minmay_temple_entry_poolview,
          uniq_menkaure
D:6:      layout_rooms, vehumet_statue, nzn_hepliaklqana_mist_gate,
          minmay_parallelograms
D:7:      layout_basic, lemuel_crystal_altar, serial_shops, shop,
          nicolae_shop_trees, shop
D:8:      layout_loops_ring, nicolae_overflow_hidden_temple, nzn_ghost_randoct,
          nicolae_tso_swordbearing_angel, uniq_gastronok, uniq_erica
D:9:      layout_small_grid, elyvilon_altar_4, cheibriados_altar_1,
          led_sif_pool, lemuel_round_altar, okawaru_altar_gauntlet_db,
          special_room [special_room_orc]
D:10:     layout_gridville, minmay_hedge_maze, minmay_fire_ice_demons,
          uniq_harold, uniq_nergalle, uniq_joseph
D:11:     layout_long_grid, david_lair_shrubbed
Temple:   corrupted_temple
Lair:1:   layout_regular_city, gammafunk_ghost_hive,
          chequers_serial_rivers_room_b, st_stairs_8, uniq_maggie
Lair:2:   layout_cave_shapes, minmay_shoals_entry_beasts,
          minmay_snake_entry_guardpost_small, beast_lair_carwin_8
Lair:3:   layout_loops_ring, nicolae_volcano_entry_hallway
Lair:4:   layout_gridlike, grunt_megastairs_5, minmay_lair_oklob_chamber,
          serial_bayou_shore_b, uniq_sonja

Skill      XL: |  1  2  3  4  5  6  7  8  9 10 11 12 13 |
---------------+----------------------------------------+-----
Unarmed Combat | 4 5 6 7 8 10 12 13 14 15 | 15.7
Armour         | 4 5 7 8 9 |  9.2
Dodging        | 5 6 7 9 10 | 10.1
Fighting       | 5 7 8 10 11 | 11.0
Throwing       | |  1.7

Action                   |  1- 3 |  4- 6 |  7- 9 | 10-12 | 13-15 || total
-------------------------+-------+-------+-------+-------+-------++-------
Melee: Unarmed           |    79 |   165 |   272 |   536 |   140 ||  1192
       Punch             |       |     5 |    16 |    41 |    16 ||    78
Throw: Throwing net      |       |       |     3 |     5 |       ||     8
Evoke: Wand              |       |       |       |     5 |       ||     5
  Use: Scroll            |       |     9 |     5 |     9 |     7 ||    30
       Potion            |       |       |     1 |       |     3 ||     4
 Stab: Held in net/web   |       |       |     3 |     5 |       ||     8
Armor: Leather armour    |    26 |     7 |       |       |       ||    33
       Ring mail         |       |    35 |    65 |       |       ||   100
       Chain mail        |       |       |    17 |    37 |       ||    54
       Plate armour      |       |       |       |    87 |       ||    87
       Acid dragon scale |       |       |       |    47 |    52 ||    99
Dodge: Dodged            |    56 |    67 |   112 |   198 |   164 ||   597
Block: Other             |       |       |       |    42 |    45 ||    87
